 Dungeon Crawl Stone Soup version 0.29.1-12-g30fa7ad0bf (webtiles) character file.

Game seed: 6038512612991964812

240 sanboga the Chopper (level 5, -2/72 HPs)
             Began as a Minotaur Berserker on Jan 5, 2023.
             Was a Priest of Trog.
             Slain by JanusIIV's ghost (7 damage)
             ... on level 3 of the Dungeon.
             The game lasted 00:02:56 (2474 turns).

sanboga the Chopper (Minotaur Berserker)            Turns: 2474, Time: 00:02:57

Health: -2/72      AC:  9    Str: 23    XL:     5   Next: 80%
Magic:  4/4        EV: 12    Int: 11    God:    Trog [***...]
Gold:   224        SH:  0    Dex: 10    Spells: 4/4 levels left

rFire   . . .      SeeInvis +   h - +11 rapier "Pogu" {flame, Int+7 SInv}
rCold   . . .      Faith    .   (no shield)
rNeg    . . .      Spirit   .   l - +0 chain mail
rPois   .          Reflect  .   (helmet restricted)
rElec   .          Harm     .   (no cloak)
rCorr   .          Rampage  .   (no gloves)
Will    .....                   (no boots)
Stlth   ..........              (no amulet)
HPRegen 0.22/turn               d - +4 ring of evasion
MPRegen 0.09/turn               j - ring of flight

@: berserking, lethally poisoned (-2 -> -10), weakened, flying, very quick
A: horns 2, retaliatory headbutt
a: Renounce Religion, Berserk, Trog's Hand


You were on level 3 of the Dungeon.
You worshipped Trog.
Trog was most pleased with you.
You visited 1 branch of the dungeon, and saw 3 of its levels.

You collected 224 gold pieces.

Inventory:

Hand Weapons
 h - the +11 rapier "Pogu" (weapon) {flame, Int+7 SInv}
   (You found it on level 2 of the Dungeon)

   It burns those it strikes, dealing additional fire damage.
   Int:       It affects your intelligence (+7).
   SInv:      It lets you see invisible.
 k - a +0 war axe
Armour
 l - a +0 chain mail (worn)
Jewellery
 d - a +4 ring of evasion (left hand)
 j - a ring of flight (right hand)
Scrolls
 a - a scroll of vulnerability {unknown}
 e - 2 scrolls of teleportation
 g - a scroll of blinking {unknown}
 i - 2 scrolls of identify {unknown}
Potions
 c - 5 potions of curing {unknown}
 f - a potion of lignification {unknown}


   Skills:
 + Level 5.0 Fighting
 * Level 6.2 Axes
 + Level 4.2 Armour
 - Level 2.1 Dodging


You had 4 spell levels left.
You didn't know any spells.
Your spell library was empty.

Dungeon Overview and Level Annotations

Branches:
Dungeon (3/15)

Altars:

Annotations:
D:3 1 transporter, JanusIIV's ghost, amateur GrBe


Innate Abilities, Weirdness & Mutations

You have a pair of horns on your head.
You reflexively headbutt those who attack you in melee.


Message History

The gnolls pick up the pace!
The gnoll hits you from afar with a +0 spear!
A red film seems to cover your vision as you go berserk!
You feel yourself moving faster!
You feel mighty! The gnoll closely misses you.
The gnoll hits you with a +0 club.
The gnoll zaps a wand.
Your mind is blasted!
The gnoll hits you from afar with a +0 spear.
You puncture the gnoll! You burn the gnoll.
The gnoll is almost dead.
The gnoll hits you but does no damage.
You are poisoned.
The gnoll hits you with a +0 club.
The gnoll bouda barks out a call to the hunt!
The gnoll picks up the pace!
The gnoll hits you from afar with a +0 spear.
You puncture the gnoll! You burn the gnoll.
You feel the power of Trog in you as your rage grows.
You kill the gnoll!
Trog accepts your kill.
You feel sick. The gnoll misses you.
The gnoll hits you from afar with the +7 spear of Duicruev {venom, *Rage rPois rN+++ Int-4}!
* * * LOW HITPOINT WARNING * * *
Your Fighting skill increases to level 5!
You feel sick. The gnoll barely misses you.
Things that are here:
a +0 club; a gnoll corpse You puncture the gnoll!
You burn the gnoll.
You kill the gnoll!
Trog accepts your kill.
You feel sick.
The gnoll hits you with the +7 spear of Duicruev {venom, *Rage rPois rN+++ Int-4}.
* * * LOW HITPOINT WARNING * * *
You are lethally poisoned!
The gnoll bouda hits you with a +0 whip.
* * * LOW HITPOINT WARNING * * *
You puncture the gnoll! You burn the gnoll.
You kill the gnoll!
Trog accepts your kill.
* * * LOW HITPOINT WARNING * * *
You feel sick. JanusIIV's ghost hits you!
You die...

##.##......≈≈###.##'##.###≈≈.####
##.##.##.#.≈≈..#.#...#.#..≈≈.####
##.##.##.#.≈≈.##.'...'.##.≈≈.....
.........#.≈≈.#..#...#..#.≈≈.####
#######.##.≈≈.##.##.##.##.≈≈.#
#.##.≈≈..#.#g..#.#.....#
#.##.~~.©#g'.©.'.#©....#
#.##.≈≈..#g#8⌠8#.#.....#
####.##.≈≈.##@#####g##.≈≈.#
#.......≈≈.#©W#":$#..#.≈≈.#
#.##.#..≈≈.##g#...#.##.≈≈.#
#.##.##.≈≈..#.#$$$#.#..≈≈.#
#.##....≈≈###.##'##.###≈≈.#
#.###...≈≈#...........#≈≈.#
#.......≈≈#..###.###..#≈≈.#
#####.#.≈≈#W.#8###8#.g#≈≈.#
#.#.≈≈####.....####≈≈.#


You could see a gnoll bouda, JanusIIV's ghost and 3 gnolls.

Vanquished Creatures
  An orc priest (D:3)
  Jessica (D:3)
  2 orc wizards (D:3)
  3 gnolls (D:3)
  4 adders
  2 dart slugs
  5 orcs (D:3)
  5 endoplasms
  2 giant cockroaches
  7 goblins
  6 hobgoblins
  4 jackals (D:2)
  7 kobolds
  A quokka (D:2)
  7 ball pythons
  4 bats
  A frilled lizard (D:1)
  12 rats
74 creatures vanquished.

Vanquished Creatures (others)
  6 plants (D:3)
6 creatures vanquished.

Grand Total: 80 creatures vanquished

Notes
Turn   | Place    | Note
-------+----------+-------------------------------------------
     0 | D:1      | sanboga the Minotaur Berserker began the quest for the Orb.
     0 | D:1      | Reached XP level 1. HP: 19/19 MP: 0/0
   179 | D:1      | Reached skill level 4 in Axes
   221 | D:1      | Reached XP level 2. HP: 24/27 MP: 1/1
   477 | D:1      | Reached ** piety under Trog
   847 | D:2      | Reached XP level 3. HP: 28/33 MP: 2/2
   848 | D:2      | Identified the +11 rapier "Pogu" {flame, Int+7 SInv}
  1176 | D:2      | Found a faded altar of an unknown god.
  1314 | D:2      | Reached skill level 5 in Axes
  1490 | D:3      | Reached XP level 4. HP: 40/40 MP: 3/3
  1584 | D:3      | Reached *** piety under Trog
  1847 | D:3      | Found a transporter.
  1847 | D:3      | Noticed JanusIIV's ghost (amateur GrBe)
  1850 | D:3      | Identified the +7 spear of Duicruev {venom, *Rage rPois
                  | rN+++ Int-4}
  1876 | D:3      | Found a transporter.
  2046 | D:3      | Identified the +6 whip "Hydrabane" {freeze, Dex+6}
  2058 | D:3      | Noticed Jessica
  2071 | D:3      | Killed Jessica
  2072 | D:3      | Reached XP level 5. HP: 23/47 MP: 4/4
  2075 | D:3      | Reached skill level 6 in Axes
  2472 | D:3      | Reached skill level 5 in Fighting
  2474 | D:3      | Slain by JanusIIV's ghost

Illustrated notes

Levels and vault maps discovered:
D:1:      tarquinn_simple_flora_water_e, layout_loops_ring,
          minmay_misc_feat_four_crosses, serial_bayou_pond_d,
          minmay_misc_feat_rows
D:2:      layout_rooms, nicolae_ecumenical_snake_handling
D:3:      layout_loops_cross, gammafunk_ghost_gnarly_gnolls,
          amcnicky_mini_rare_corridor_liquid, kennysheep_orc_chapel,
          uniq_jessica

Skill      XL: |  1  2  3  4  5 |
---------------+----------------+-----
Axes           | 4 5 6 |  6.2
Fighting       | 4 5 |  5.0
Armour         | 3 4 |  4.2
Dodging        | |  2.1

Action                   |  1- 3 |  4- 6 || total
-------------------------+-------+-------++-------
Melee: Hand axe          |    47 |       ||    47
       Headbutt          |     1 |     4 ||     5
       Rapier            |    23 |    43 ||    66
Invok: Berserk           |       |     1 ||     1
  Use: Scroll            |     1 |       ||     1
 Stab: Distracted        |     1 |       ||     1
Armor: Animal skin       |    10 |     2 ||    12
       Chain mail        |       |     6 ||     6
Dodge: Dodged            |    55 |    28 ||    83
